 Dungeon Crawl Stone Soup version 0.31-a0-986-g5e6e4ef867 (webtiles) character file.

Game seed: 13803124285497412111

7568 croobank the Covert (level 10, -11/49 HPs)
             Began as a Felid Delver on Nov 16, 2023.
             Was an Initiate of Gozag.
             Killed from afar by an acid dragon (33 damage)
             ... with a splash of acid
             ... on level 10 of the Dungeon on Nov 17, 2023.
             The game lasted 01:08:56 (17108 turns).

croobank the Covert (Felid Delver)                 Turns: 17108, Time: 01:08:57

Health: -11/49     AC: -6    Str: 20    XL:     10   Next: 97%
Magic:  0/18       EV: 23    Int: 16    God:    Gozag
Gold:   800        SH:  0    Dex: 18    Spells: 8/18 levels left
                                        Lives:  0   Deaths: 4

rFire   . .          .
                       - Unarmed
rCold   . . .        (shield unavailable)
rNeg    . . .        (body armour unavailable)
rPois   .            (helmet unavailable)
rElec   .            (cloak unavailable)
rCorr   .            (gloves unavailable)
SInv    +            (boots unavailable)
Will    +....        h - amulet of regeneration
Stlth   +++++        m - +6 ring of strength
HPRegen 1.08/turn    i - +6 ring of strength
MPRegen 0.16/turn

%: no passive effects
@: corroded, very slightly contaminated, quick
A: very small, claws 1, fangs 3, see invisible, speed 1, shaggy fur 2, stealthy
paws, no weapons or thrown items, no armour, multi-lived
a: Renounce Religion, Potion Petition, Call Merchant, Bribe Branch


You were on level 10 of the Dungeon.
You worshipped Gozag.
Gozag was pleased with you.
You visited 2 branches of the dungeon, and saw 11 of its levels.

You collected 1854 gold pieces.
You spent 940 gold pieces at shops.
You paid 114 gold pieces to Gozag.

Inventory:

Jewellery
 g - an amulet of magic regeneration
 h - an amulet of regeneration (around neck)
 i - a +6 ring of strength (right paw)
 m - a +6 ring of strength (left paw)
 v - an amulet of the acrobat
 B - a +4 ring of protection
Wands
 c - a wand of acid (14)
 e - a wand of digging (2)
 f - a wand of flame (40)
 w - a wand of polymorph (4)
 y - a wand of iceblast (24)
 A - a wand of mindburst (10)
Scrolls
 a - 3 scrolls of fog
 b - 2 scrolls of vulnerability
 k - 3 scrolls of teleportation
 l - a scroll of torment
 o - 2 scrolls of noise
 p - 2 scrolls of identify
 q - 2 scrolls of fear
 r - a scroll of poison
 t - a scroll of revelation
 u - a scroll of immolation
 D - 2 scrolls of blinking
 E - 2 scrolls of summoning {unknown}
 G - a scroll of enchant armour {unknown}
Potions
 d - a potion of enlightenment
 j - a potion of mutation
 n - 3 potions of ambrosia {unknown}
 s - 3 potions of cancellation {unknown}
 C - a potion of berserk rage {unknown}
 F - a potion of attraction


   Skills:
 * Level 8.4 Fighting
 + Level 8.4 Dodging
 + Level 10.8 Stealth
 + Level 6.4 Unarmed Combat
 + Level 4.7 Spellcasting
 * Level 5.8 Conjurations
 * Level 5.9 Earth Magic


You had 8 spell levels left.
You knew the following spells:

 Your Spells              Type           Power      Damage    Failure   Level
a - Stone Arrow           Conj/Erth      44%        3d9       4%          3
b - Magic Dart            Conj           88%        1d7       1%          1
c - Searing Ray           Conj           44%        2d6       2%          2
d - Brom's Barrelling Bo  Conj/Erth      22%        2d4       14%         4

Your spell library contained the following spells:

 Spells                   Type           Power      Damage    Failure   Level
 Sandblast                Erth           44%        2d11      1%          1
 Passwall                 Tmut/Erth      10%        N/A       7%          2
 Static Discharge         Conj/Air       26%        3-5/arc   7%          2
 Ensorcelled Hibernation  Hex/Ice        6%         N/A       24%         2
 Swiftness                Air            3%         N/A       43%         3
 Tukima's Dance           Hex            3%         N/A       43%         3
 Fulminant Prism          Conj/Hex       6%         3d7       43%         4
 Iskenderun's Mystic Bla  Conj/Tloc      13%        2d5       43%         4
 Airstrike                Air            1%         2d(1-17)  83%         4
 Summon Lightning Spire   Summ/Air       3%         N/A       83%         4
 Lehudib's Crystal Spear  Conj/Erth      11%        10d4      100%        8
 Animate Armour           Summ/Erth      Unusable   N/A       N/A         4
 Dimensional Bullseye     Hex/Tloc       Unusable   N/A       N/A         4

Dungeon Overview and Level Annotations

Branches:
Dungeon (10/15)            Temple (1/1) D:5             Orc (0/2) D:10
   Lair: D:8-11

Altars:
Ashenzari
Cheibriados
Dithmenos
Elyvilon
Fedhas
Gozag
Hepliaklqana
Kikubaaqudgha
Makhleb
Nemelex Xobeh
Okawaru
Qazlal
Ru
Sif Muna
Trog
Uskayaw
Vehumet
Wu Jian
Xom
Yredelemnul
Zin
The Shining One

Shops:
D:4 ?(:   D:5 !   D:8 ([!:   D:9 [

Annotations:
D:10 Lodul


Innate Abilities, Weirdness & Mutations

You have sharp claws.
You have razor-sharp teeth.
You have supernaturally acute eyesight. (SInv)
You cover ground quickly. (Speed+)
You are covered in thick fur. (AC +2)
Your paws help you pounce on unaware monsters.
You are incapable of wielding weapons or throwing items.
You cannot wear armour.
You gain extra lives every three experience levels.


Message History

The acid dragon completely misses you. The acid dragon claws you.
The searing ray hits the acid dragon.
The acid dragon is moderately wounded.
The acid dragon barely misses you. x2
The searing ray hits the acid dragon.
The acid dragon is moderately wounded.
The acid dragon closely misses you. x2
The searing ray hits the acid dragon.
The acid dragon is heavily wounded.
You finish channelling your searing ray.
The acid dragon barely misses you. The acid dragon claws you.
Casting: Searing Ray (safe; 2% risk of failure)
Confirm with . or Enter, or press ? or * to list all spells.
Aiming: Stone Arrow (dangerous; 4% risk of failure)
Press: ? - help, Shift-Dir - straight line, f/p - acid dragon
Aim: an acid dragon (moderately wounded, 71% to hit)
The stone arrow misses the acid dragon.
The acid dragon spits acid at you. The splash of acid hits you!
The acid corrodes you!
Casting: Stone Arrow (dangerous; 4% risk of failure)
Confirm with . or Enter, or press ? or * to list all spells.
Aiming: Stone Arrow (dangerous; 4% risk of failure)
Press: ? - help, Shift-Dir - straight line, f/p - acid dragon
Aim: an acid dragon (moderately wounded, catching its breath, 71% to hit)
You miscast Stone Arrow.
You are very lightly contaminated with residual magic.
Nothing appears to happen.
The acid dragon misses you. The acid dragon claws you.
Casting: Stone Arrow (dangerous; 4% risk of failure)
Confirm with . or Enter, or press ? or * to list all spells.
Aiming: Stone Arrow (dangerous; 4% risk of failure)
Press: ? - help, Shift-Dir - straight line, f/p - acid dragon
Aim: an acid dragon (moderately wounded, 71% to hit)
The stone arrow hits the acid dragon!
The acid dragon is almost dead.
The acid dragon spits acid at you. The splash of acid hits you!!
Ouch! That really hurt!
You die...
Your body crumbles into a pile of gold.

.####..# #.#...# #....#
# ##.##..##. .# . ##..#
..# #. #..###..## #.#
.# #......# #.# ##.#
#..##..# #.## ##.# #..
##@## #.$###).### #.
#.D## ##W......... #
.####...###..##......#
............######..###
#......###$## ##.#
#....### #.# #.## .....
#.. ####.## ...<. #..#
##.....# ### ....
##.......


You could see an acid dragon (catching breath).

Vanquished Creatures
  Pikel (D:7)
  Maurice (D:9)
  A kobold demonologist (D:10)
  2 trolls
  Prince Ribbit (D:7)
  Grinder (D:5)
  A wraith (D:7)
  12 yaks
  2 steam dragons
  2 wargs (D:10)
  3 acid dragons
  A water moccasin (D:7)
  3 orc warriors
  A black bear (D:6)
  3 centaurs
  2 phantoms
  A lemure (D:8)
  3 kobold brigands
  3 bullfrogs
  2 scorpions
  6 wights
  11 killer bees
  A howler monkey (D:5)
  A jelly (D:3)
  2 hounds
  Crazy Yiuf (D:5)
  7 orc priests
  An iguana (D:7)
  8 orc wizards
  Ijyb (D:5)
  8 gnolls
  3 adders
  10 ufetubi
  A worm (D:3)
  2 dart slugs
  33 orcs
  10 bats
  9 endoplasms
  8 giant cockroaches
  8 goblins
  7 hobgoblins
  4 jackals
  3 quokkas
  9 ball pythons
  3 frilled lizards
  27 kobolds
  6 rats
236 creatures vanquished.

Vanquished Creatures (others)
  An orc wizard (D:7)
  An orc (D:4)
2 creatures vanquished.

Grand Total: 238 creatures vanquished

Notes
Turn   | Place    | Note
-------+----------+-------------------------------------------
     0 | D:5      | croobank the Felid Delver began the quest for the Orb.
     0 | D:5      | Reached XP level 1. HP: 10/10 MP: 2/2
   156 | D:4      | Noticed an orc wizard
   156 | D:4      | Found Jeufaisk's Magic Scroll Boutique.
   156 | D:4      | Found Firua's Antique Weapon Boutique.
   156 | D:4      | Found Ritom's Book Boutique.
   284 | D:5      | Reached XP level 2. HP: 14/14 MP: 3/3
   394 | D:4      | Noticed a phantom
   398 | D:4      | Killed a phantom
   399 | D:4      | Reached skill level 7 in Stealth
   399 | D:4      | Reached XP level 3. HP: 13/17 MP: 4/4
   399 | D:4      | Reached XP level 4. HP: 17/21 MP: 5/5
   478 | D:5      | Found a staircase to the Ecumenical Temple.
   483 | Temple   | Entered the Ecumenical Temple
   552 | D:5      | Found an ancient bone altar of Kikubaaqudgha.
   651 | D:5      | Noticed Grinder
   651 | D:5      | Noticed a yak
   712 | D:4      | Noticed a steam dragon
   717 | D:4      | Slain by a steam dragon
  1089 | D:1      | Reached XP level 5. HP: 25/25 MP: 6/6
  2108 | D:2      | Learned a level 3 spell: Stone Arrow
  2240 | D:3      | Found a shimmering blue altar of Sif Muna.
  2392 | D:3      | Found a white marble altar of Elyvilon.
  2422 | D:3      | Slain by an orc
  3081 | D:4      | Gained mutation: You are covered in thick fur. (AC +2)
                  | [Felid growth]
  3081 | D:4      | Reached XP level 6. HP: 14/28 MP: 6/8
  3499 | D:5      | Noticed a yak
  3543 | Temple   | Became a worshipper of Gozag Ym Sagoz the Greedy
  3632 | D:5      | Found a runed translucent door.
  3633 | D:5      | Noticed Crazy Yiuf
  3680 | D:5      | Killed Crazy Yiuf
  3681 | D:5      | Reached skill level 1 in Spellcasting
  3874 | D:5      | Noticed Ijyb
  3878 | D:5      | Bought a potion of heal wounds for 60 gold pieces
  3878 | D:5      | Bought a potion of might for 48 gold pieces
  3878 | D:5      | Bought a potion of curing for 36 gold pieces
  3927 | D:5      | Reached skill level 1 in Conjurations
  3927 | D:5      | Reached skill level 1 in Earth Magic
  3939 | D:5      | Reached skill level 8 in Stealth
  4005 | D:5      | Noticed a yak
  4022 | D:5      | Found a hazy altar of Hepliaklqana.
  4023 | D:5      | Found an ornate altar of the Wu Jian Council.
  4053 | D:5      | Reached skill level 5 in Dodging
  4053 | D:5      | Reached XP level 7. HP: 15/33 MP: 10/10
  5068 | D:6      | Reached skill level 5 in Fighting
  5500 | D:6      | Learned a level 1 spell: Magic Dart
  5503 | D:6      | Learned a level 2 spell: Searing Ray
  5551 | D:8      | Found Foippeur's Armour Shoppe.
  5577 | D:8      | Found a shimmering altar of Xom.
  5615 | D:7      | Found a shadowy altar of Dithmenos.
  5665 | D:7      | Reached XP level 8. HP: 29/37 MP: 12/12
  6375 | D:7      | Found a sacrificial altar of Ru.
  6503 | D:7      | Reached skill level 9 in Stealth
  7530 | D:7      | Noticed Prince Ribbit
  7544 | D:7      | Killed Prince Ribbit
  7545 | D:7      | Reached skill level 5 in Unarmed Combat
  7545 | D:7      | Reached XP level 9. HP: 40/41 MP: 1/14
  7741 | D:5      | Killed Grinder
  7875 | D:5      | Killed Ijyb
  7895 | D:4      | Bought a scroll of identify for 24 gold pieces
  7895 | D:4      | Bought a scroll of identify for 24 gold pieces
  7895 | D:4      | Bought a scroll of fear for 48 gold pieces
  7895 | D:4      | Bought a scroll of poison for 48 gold pieces
  7895 | D:4      | Bought a scroll of immolation for 48 gold pieces
 10286 | D:4      | Bought a book of Geomancy for 364 gold pieces
 10291 | D:4      | Learned a level 4 spell: Brom's Barrelling Boulder
 10429 | D:8      | Found Qiott's Distillery.
 10436 | D:8      | Bought a potion of heal wounds for 80 gold pieces
 10436 | D:8      | Bought a potion of haste for 160 gold pieces
 10654 | D:8      | Found Azej's Antique Weapon Boutique.
 10946 | D:8      | Noticed Pikel
 10995 | D:7      | Killed Pikel
 11164 | D:8      | Found Deifaz's Book Shop.
 11334 | D:8      | Found a sparkling altar of Nemelex Xobeh.
 11605 | D:8      | Reached skill level 10 in Stealth
 12105 | D:8      | Reached XP level 10. HP: 23/47 MP: 0/16
 12864 | D:9      | Noticed Maurice
 12872 | D:9      | Killed Maurice
 13539 | D:8      | Reached skill level 5 in Earth Magic
 13879 | D:9      | Reached skill level 5 in Conjurations
 15289 | D:9      | Found Nikius's Armour Shop.
 15395 | D:9      | Found a radiant altar of Vehumet.
 15426 | D:10     | Entered Level 10 of the Dungeon
 15527 | D:10     | Killed from afar by an acid dragon
 15925 | D:10     | Found a staircase to the Orcish Mines.
 16210 | D:10     | Noticed Lodul
 16847 | D:10     | Identified the +0 robe "Qigynt" {Str+5 Int+3}
 17091 | D:10     | Slain by a wraith
 17108 | D:10     | Killed from afar by an acid dragon

Illustrated notes

Levels and vault maps discovered:
D:1:      minmay_arrival_up_and_down, layout_rooms, kennysheep_doodads,
          minmay_tripent
D:2:      minmay_wonky_spiral, layout_basic
D:3:      layout_basic, mainiacjoe_overflow_alcove_2, elyvilon_altar_1,
          kennysheep_generic_room_5
D:4:      layout_loops_ring, nicolae_shop_distant_corner_stores,
          minmay_diced_spiral
D:5:      layout_loops_ring, nicolae_overflow_crystal_walls,
          mainiacjoe_overflow_divided_tiny, temple_statues, serial_shops, shop,
          corexii_checkpoint, uniq_crazy_yiuf_cottage, uniq_ijyb, uniq_grinder
D:6:      layout_basic
D:7:      layout_cave_pools, mainiacjoe_overflow_tiny_flanked,
          nicolae_dithmenos_the_darkroom, kb_lookout_dungeons_type,
          uniq_prince_ribbit1
D:8:      layout_loops_cross, mainiacjoe_overflow_brackets,
          nemelex_spade_bored_becter, serial_shops, nicolae_shop_peninsula,
          nicolae_shop_peninsula, kennysheep_mini_moat,
          nicolae_shop_industrial_runoff, uniq_pikel
D:9:      layout_stronghold, kennysheep_mini, serial_shops,
          nicolae_shop_crystal, minmay_misc_feat_room, uniq_maurice
D:10:     layout_layer_cave, david_orc_1_choice, kennysheep_big_empty_room,
          uniq_lodul
Temple:   nicolae_temple_godzebo

Skill      XL: |  1  2  3  4  5  6  7  8  9 10 |
---------------+-------------------------------+-----
Dodging        | 3 4 5 6 7 8 |  8.4
Stealth        | 7 8 9 10 | 10.8
Unarmed Combat | 3 4 5 6 |  6.4
Fighting       | 4 5 6 7 8 |  8.4
Spellcasting   | 1 2 3 4 |  4.7
Conjurations   | 1 2 3 4 5 |  5.8
Earth Magic    | 1 2 3 4 5 |  5.9

Action                     |  1- 3 |  4- 6 |  7- 9 | 10-12 || total
---------------------------+-------+-------+-------+-------++-------
  Melee: Unarmed           |     7 |   186 |   183 |    40 ||   416
         Bite              |     1 |    21 |    14 |     4 ||    40
         Punch             |       |     3 |     4 |     3 ||    10
   Cast: Magic Dart        |       |       |    88 |    81 ||   169
         Searing Ray       |       |       |    29 |     6 ||    35
         Stone Arrow       |       |       |    61 |    77 ||   138
  Evoke: Wand              |     4 |    35 |     3 |     2 ||    44
    Use: Scroll            |     2 |    11 |     5 |     1 ||    19
         Potion            |       |     4 |     8 |     3 ||    15
   Stab: Sleeping          |     1 |    27 |     9 |     2 ||    39
         Distracted        |       |     1 |     1 |     2 ||     4
 Armour: Skin              |     6 |    39 |   147 |    54 ||   246
  Dodge: Dodged            |    17 |   149 |   303 |   147 ||   616

Table legend: (Time is in decaauts)
 A = Elapsed time spent in this place.
 B = Non-inter-level travel time spent in this place.
 C = Inter-level travel time spent in this place.
 D = Time resting spent in this place.
 E = Time spent auto-exploring this place.
 F = Levels seen in this place.
 G = Mean time per level.
                   A        B        C        D        E       F      G
               +--------+--------+--------+--------+--------+-----+--------+
         Total |  15432 |  14223 |   1209 |   6804 |   4069 |  11 | 1402.9 |
       Dungeon |  15336 |  14219 |   1117 |   6804 |   4069 |  10 | 1533.6 |
        Temple |     95 |      4 |     91 |      0 |      0 |   1 |   95.0 |
               +--------+--------+--------+--------+--------+-----+--------+

Top non-repeatable levels by time:
     D:9: 3108 daAuts
     D:7: 2662 daAuts
     D:5: 2132 daAuts
     D:8: 1714 daAuts
     D:4: 1526 daAuts
     D:6: 1049 daAuts
     D:3: 1019 daAuts
    D:10: 989 daAuts
     D:2: 751 daAuts
     D:1: 383 daAuts
  Temple: 95 daAuts
